 Dungeon Crawl Stone Soup version 0.30-a0-341-g682706514a (webtiles) character file.

Game seed: 3655500665711934706

206 blackman the Slasher (level 6, 0/47 HPs)
             Began as a Human Delver on Nov 2, 2022.
             Slain by an iguana (5 damage)
             ... on level 4 of the Dungeon.
             The game lasted 00:01:58 (469 turns).

blackman the Slasher (Human Delver)                  Turns: 469, Time: 00:01:58

Health: 0/47       AC:  3    Str: 13    XL:     6   Next: 10%
Magic:  6/6        EV: 12    Int: 10    God:
Gold:   20         SH:  0    Dex: 16    Spells: 5/5 levels left

rFire   . . .      SeeInvis .    a - +0 falchion
rCold   . . .      Faith    .    (no shield)
rNeg    . . .      Spirit   .    b - +0 leather armour
rPois   .          Reflect  .    (no helmet)
rElec   .          Harm     .    (no cloak)
rCorr   .          Rampage  .    (no gloves)
Will    .....                    (no boots)
Stlth   +++.......               (no amulet)
HPRegen 0.27/turn                (no ring)
MPRegen 0.10/turn                (no ring)

@: no status effects
A: no striking features
a: no special abilities


You were on level 4 of the Dungeon.
You visited 1 branch of the dungeon, and saw 2 of its levels.

You collected 20 gold pieces.

Inventory:

Hand Weapons
 a - a +0 falchion (weapon)
Missiles
 f - 5 boomerangs (quivered)
Armour
 b - a +0 leather armour (worn)
Scrolls
 c - a scroll of fog
 d - a scroll of immolation {unknown}
 e - a scroll of fear


   Skills:
 - Level 3.0 Fighting
 + Level 5.9 Long Blades
 - Level 2.0 Dodging
 - Level 5.0 Stealth


You had 5 spell levels left.
You didn't know any spells.
Your spell library contained the following spells:

 Spells                   Type           Power      Damage    Failure   Level
 Iskenderun's Battlesphe  Conj           0%         2d6       100%        5
 Iron Shot                Conj/Erth      0%         9d1       100%        6
 Spellforged Servitor     Conj/Summ      0%         N/A       100%        7


Dungeon Overview and Level Annotations

Branches:
Dungeon (5/15)             Temple (0/1) D:4

Altars:

Annotations:
D:5 1 runed translucent door, Crazy Yiuf


Message History

You kill the ufetubus!
No target in view!
No target in view!
No target in view!
d - a scroll labelled XASKAKK HEEHERR
There are no items here.
A dart slug comes into view.
Found a staircase to the Ecumenical Temple.
A nearby plant withers and dies.
An iguana comes into view.
The dart slug closely misses you.
You completely miss the dart slug.
The iguana hisses angrily.
You hit the dart slug.
The dart slug is heavily wounded.
The dart slug bites you.
You slash the dart slug!
You kill the dart slug!
The iguana closely misses you.
You completely miss the iguana. The iguana bites you.
You completely miss the iguana. The iguana bites you!
You barely miss the iguana. The iguana closely misses you.
You closely miss the iguana. The iguana bites you.
You hit the iguana but do no damage. The iguana bites you.
You are too injured to fight recklessly!
You are too injured to fight recklessly!
You are too injured to fight recklessly!
You are too injured to fight recklessly!
You closely miss the iguana. The iguana bites you.
You hit the iguana.
The iguana is moderately wounded.
The iguana bites you.
You slash the iguana!
The iguana is severely wounded.
The iguana bites you!
* * * LOW HITPOINT WARNING * * *
You hit the iguana.
The iguana is almost dead.
The iguana bites you.
You die...

***,,,,*,,,,,,** *
**,,,........#
**<,........#*
**,.........##
**........#.#*
*..........,**
*#........,,,*
**.......†#,,,*
*,,,*#..l@####*
*********,**#^......#
,,,,,,,*,,,#..##....#
,,,,,,,,,>...,*##...#
******,*,..#,*##....#
****.****#)....#
*,.P....#....########
**....<.###.........###
*#####**
##########..###


You could see an iguana.

Vanquished Creatures
  A black bear (D:5)
  A jelly (D:5)
  A hound (D:5)
  An iguana (D:5)
  2 adders (D:5)
  An ufetubus (D:4)
  A dart slug (D:4)
  A kobold (D:4)
9 creatures vanquished.

Vanquished Creatures (others)
  A plant (D:4)
1 creature vanquished.

Grand Total: 10 creatures vanquished

Notes
Turn   | Place    | Note
-------+----------+-------------------------------------------
     0 | D:5      | blackman the Human Delver began the quest for the Orb.
     0 | D:5      | Reached XP level 1. HP: 18/18 MP: 1/1
     8 | D:5      | Noticed a hound
    18 | D:5      | Noticed an iguana
    23 | D:5      | Killed a hound
    24 | D:5      | Reached XP level 2. HP: 18/24 MP: 2/2
    24 | D:5      | Reached XP level 3. HP: 22/29 MP: 3/3
    34 | D:5      | Reached XP level 4. HP: 29/35 MP: 4/4
   144 | D:5      | Found a runed translucent door.
   145 | D:5      | Noticed Crazy Yiuf
   224 | D:5      | Reached XP level 5. HP: 38/41 MP: 5/5
   357 | D:5      | Noticed a black bear
   369 | D:5      | Killed a black bear
   370 | D:5      | Reached skill level 5 in Long Blades
   370 | D:5      | Reached XP level 6. HP: 39/47 MP: 6/6
   456 | D:4      | Found a staircase to the Ecumenical Temple.
   469 | D:4      | Slain by an iguana

Illustrated notes

Levels and vault maps discovered:
D:4:      layout_layer_cave, chequers_temple_overflow_statue_of_worship,
          minmay_temple_entry_gardened_gates
D:5:      layout_loops_corners, overflow_temple_1_default, uniq_pikel,
          uniq_menkaure, uniq_crazy_yiuf_cottage

Skill      XL: |  1  2  3  4  5 |
---------------+----------------+-----
Long Blades    | 3 4 5 |  5.9
Fighting       | |  3.0
Dodging        | |  2.0
Stealth        | |  5.0

Action                   |  1- 3 |  4- 6 || total
-------------------------+-------+-------++-------
Melee: Falchion          |    18 |    30 ||    48
       Punch             |     1 |       ||     1
Throw: Boomerang         |       |     8 ||     8
Evoke: Wand              |       |     7 ||     7
  Use: Potion            |     1 |       ||     1
       Scroll            |       |     1 ||     1
Armor: Leather armour    |     2 |     9 ||    11
Dodge: Dodged            |    11 |    24 ||    35

Table legend: (Time is in decaauts)
 A = Elapsed time spent in this place.
 B = Non-inter-level travel time spent in this place.
 C = Inter-level travel time spent in this place.
 D = Time resting spent in this place.
 E = Time spent auto-exploring this place.
 F = Levels seen in this place.
 G = Mean time per level.
                   A        B        C        D        E       F      G
               +--------+--------+--------+--------+--------+-----+--------+
         Total |    457 |    426 |     31 |      0 |    261 |   2 |  228.5 |
       Dungeon |    457 |    426 |     31 |      0 |    261 |   2 |  228.5 |
               +--------+--------+--------+--------+--------+-----+--------+

Top non-repeatable levels by time:
     D:5: 375 daAuts
     D:4: 81 daAuts
